 Dungeon Crawl Stone Soup version 0.28-a0-32-g8dfe7f97f6 (webtiles) character file.

Game seed: 1279712630017503872

63 willcat the Sneak (level 4, -3/28 HPs)
             Began as a Kobold Delver on July 27, 2021.
             Killed from afar by a gnoll (8 damage)
             ... with a puff of flame
             ... on level 6 of the Dungeon.
             The game lasted 00:01:00 (243 turns).

willcat the Sneak (Kobold Delver)                    Turns: 243, Time: 00:01:01

Health: -3/28      AC:  3    Str:  9    XL:     4   Next: 30%
Magic:  4/4        EV: 15    Int: 11    God:
Gold:   27         SH:  0    Dex: 17    Spells: 3/3 levels left

rFire   . . .      SeeInvis .   k - +0 rapier
rCold   . . .      Faith    .   (shield restricted)
rNeg    . . .      Spirit   .   b - +0 leather armour
rPois   .          Reflect  .   (no helmet)
rElec   .          Harm     .   (no cloak)
rCorr   .          Rampage  .   (no gloves)
Will    .....                   (no boots)
Stlth   ++++......              (no amulet)
HPRegen 0.09/turn               (no ring)
MPRegen 0.09/turn               (no ring)

@: no status effects
A: small, no large weapons, nightstalker 3
a: no special abilities


You were on level 6 of the Dungeon.
You visited 1 branch of the dungeon, and saw 2 of its levels.

You collected 27 gold pieces.

Inventory:

Hand Weapons
 k - a +0 rapier (weapon)
Armour
 b - a +0 leather armour (worn)
Wands
 g - a wand of digging (3)
 h - a wand of flame (12)
Scrolls
 a - a scroll of noise {unknown}
 c - a scroll of fog
 d - a scroll of magic mapping
 i - a scroll of immolation {unknown}
Potions
 f - a potion of haste
 j - a potion of ambrosia {unknown}
 l - 2 potions of curing {unknown}


   Skills:
 - Level 3.2 Fighting
 + Level 3.6 Short Blades
 + Level 3.3 Dodging
 + Level 7.1 Stealth
 + Level 1.9 Evocations


You had 3 spell levels left.
You didn't know any spells.
Your spell library contained the following spells:

 Spells                   Type           Power      Damage    Failure   Level
 Blink                    Tloc           N/A        N/A       58%         2
 Lesser Beckoning         Tloc           0%         N/A       83%         3
 Manifold Assault         Tloc           0%         N/A       100%        5


Dungeon Overview and Level Annotations

Branches:
Dungeon (6/15)
 Temple: D:4-7

Altars:

Annotations:
D:6 1 transporter, willcat's ghost, weakling HuDe


Innate Abilities, Weirdness & Mutations

You are small and have problems with some larger weapons.
You are completely attuned to the shadows.


Message History

The gnoll sergeant shouts!
The gnoll hits the plant with a +0 halberd.
The plant begins to die.
You see here a +0 flail.
You hit the plant.
The plant begins to die.
The plant is lightly damaged.
The gnoll zaps a wand.
The puff of flame hits you!
You hit the plant but do no damage.
The plant is lightly damaged.
The gnoll misses you.
Unknown command.
A nearby plant withers and dies.
The gnoll completely misses the plant.
Unknown command.
You open the door.
A nearby plant withers and dies.
The gnoll hits you from afar with a +0 halberd.
Unknown command.
The gnoll hits something with a +0 spear.
The gnoll hits you from afar with a +0 halberd.
There is an open translucent door here.
Unknown command.
The gnoll hits something with a +0 spear.
Found 17 gold pieces.
You close the door.
Something hits the plant.
The plant begins to die.
A gnoll opens the door.
As you read the scroll of fear, it crumbles to dust.
You assume a fearsome visage.
The plant is unaffected.
The gnoll looks frightened!
The plant is unaffected.
The gnoll looks frightened! x2
The gnoll howls in fear.
The gnoll hits the plant with a +0 spear.
The plant begins to die.
The gnoll hits the plant with a +0 halberd!
A nearby plant withers and dies.
The gnoll hits you from afar with a +2 spear of chaos.
* * * LOW HITPOINT WARNING * * *
The gnoll freezes you.
* * * LOW HITPOINT WARNING * * *
The gnoll shouts!
The gnoll zaps a wand.
The puff of flame hits you!
You die... .....≈≈#.
Wgg

.#≈≈..# ...#.≈≈## '##
##≈≈..# ...#.≈≈..#.#$$
..≈≈..# ####.≈≈.##.#.
##.≈≈..# #.≈≈.#..#
#.©#.≈≈..#
####.≈≈.##.#####.##.≈≈..#
...#.≈≈..#.#8⌠8#.#......#
...#.≈≈.©#.'g©.'.#©.....#
...#.≈≈..#.#...#@#......#
...#.≈≈.##.##)##.##.≈≈..#
..)#.≈≈.#..#...#g)#.≈≈..#
...#.≈≈.##.#⌠.g#.##.≈≈..#
.....≈≈..#g#P..#g#..≈≈$.
.....≈≈###.##'##.###≈≈..
.....≈≈#....g......#≈
#.#..≈≈#..###.###..#
#....≈≈#.. ### ..#


You could see a gnoll sergeant and 3 gnolls.

Vanquished Creatures
  A centaur skeleton (D:6)
  An iguana (D:6)
  A gnoll (D:6)
3 creatures vanquished.

Vanquished Creatures (others)
  5 plants (D:6)
5 creatures vanquished.

Grand Total: 8 creatures vanquished

Notes
Turn   | Place    | Note
-------+----------+-------------------------------------------
     0 | D:5      | willcat the Kobold Delver began the quest for the Orb.
     0 | D:5      | Reached XP level 1. HP: 14/14 MP: 1/1
   119 | D:6      | Reached skill level 1 in Evocations
   119 | D:6      | Reached XP level 2. HP: 18/19 MP: 2/2
   119 | D:6      | Reached XP level 3. HP: 22/23 MP: 3/3
   166 | D:6      | Reached skill level 7 in Stealth
   166 | D:6      | Reached XP level 4. HP: 28/28 MP: 4/4
   166 | D:6      | Noticed a gnoll sergeant
   176 | D:6      | Noticed a gnoll sergeant
   177 | D:6      | Noticed willcat's ghost (weakling HuDe)
   197 | D:6      | Found a transporter.
   200 | D:6      | Found a transporter.
   215 | D:6      | Identified the +5 ring mail "Keuty" {Str+2}
   215 | D:6      | Identified the +0 kite shield "Vudianie" {rN+ Str+4}
   215 | D:6      | Noticed a gnoll sergeant
   243 | D:6      | Killed from afar by a gnoll

Illustrated notes

Levels and vault maps discovered:
D:5:      layout_loops_ring
D:6:      layout_rooms, minmay_temple_entry_arrows,
          gammafunk_ghost_gnarly_gnolls, serial_shops, nicolae_shop_statue_plus,
          roderic_filled_cross, dk_noncrumbling_2

Skill      XL: |  1  2  3 |
---------------+----------+-----
Short Blades   | 3 |  3.6
Dodging        | 3 |  3.3
Evocations     | 1 |  1.9
Stealth        | 7 |  7.1
Fighting       | |  3.2

Action                   |  1- 3 |  4- 6 || total
-------------------------+-------+-------++-------
Melee: Short sword       |     5 |       ||     5
       Rapier            |     1 |     3 ||     4
  Use: Scroll            |       |     1 ||     1
 Stab: Sleeping          |     2 |     1 ||     3
Armor: Leather armour    |     5 |       ||     5
Dodge: Dodged            |     4 |     1 ||     5

Table legend: (Time is in decaauts)
 A = Elapsed time spent in this place.
 B = Non-inter-level travel time spent in this place.
 C = Inter-level travel time spent in this place.
 D = Time resting spent in this place.
 E = Time spent auto-exploring this place.
 F = Levels seen in this place.
 G = Mean time per level.
                   A        B        C        D        E       F      G
               +--------+--------+--------+--------+--------+-----+--------+
         Total |    244 |    244 |      0 |      0 |    180 |   2 |  122.0 |
       Dungeon |    244 |    244 |      0 |      0 |    180 |   2 |  122.0 |
               +--------+--------+--------+--------+--------+-----+--------+

Top non-repeatable levels by time:
     D:6: 243 daAuts
     D:5: 1 daAuts
